BSA
VISTA PANTHERS @ CHICAGO MACHINE
09/22/2026
 
TOP OF THE 1ST
Vista Panthers batting - Pitching for Chicago Machine : LHP Dave Huot
Pitching: LHP Dave Huot
Batting: RHB John Mendelson 0-0: Called Strike
0-1: Ground out 1-3 (Groundball, 15)
Batting: RHB Roberto Cruz 0-0: Ball
1-0: Ball
2-0: Called Strike
2-1: Ball
3-1: Base on Balls
Batting: RHB Phil Matthews 0-0: Called Strike
0-1: Called Strike
0-2: Ball
1-2: TRIPLE (Flyball, 78XD)
Roberto Cruz scores
Batting: RHB Wilson López 0-0: Ball
1-0: Foul Ball, location: 2F
1-1: Swinging Strike
1-2: Strikes out swinging
Batting: SHB Mark Wells 0-0: Ball
1-0: Swinging Strike
1-1: Foul Ball, location: 2F
1-2: Foul Ball, location: 2F
1-2: DOUBLE (Flyball, 78D)
Phil Matthews scores
Batting: RHB Justin Burgess 0-0: Swinging Strike
0-1: Ground out U3 (Groundball, 3S)
Top of the 1st over - 2 run(s), 2 hit(s), 0 error(s), 1 left on base; Vista 2 - Chicago 0
BOTTOM OF THE 1ST
Chicago Machine batting - Pitching for Vista Panthers : RHP Paco Canpos
Pitching: RHP Paco Canpos
Batting: RHB Roberto Cardona 0-0: Ball
1-0: Called Strike
1-1: SINGLE (Flyball, 7S)
Batting: LHB Bob Smith 0-0: Swinging Strike
0-1: Swinging Strike
0-2: Ball
1-2: Ball
2-2: Strikes out swinging
Batting: RHB Doug Stephens 0-0: Called Strike
0-1: Ball
1-1: Swinging Strike
1-2: Grounds into double play, 6-4-3 (Groundball, 56)
Bottom of the 1st over - 0 run(s), 1 hit(s), 0 error(s), 0 left on base; Vista 2 - Chicago 0
TOP OF THE 2ND
Vista Panthers batting - Pitching for Chicago Machine : LHP Dave Huot
Batting: RHB Alfredo López 0-0: Ball
1-0: Foul Ball, location: 2F
1-1: Ground out 5-3 (Groundball, 5S)
Batting: RHB Bonifacio Torres 0-0: Ball
1-0: Foul Ball, location: 2F
1-1: Called Strike
1-2: Foul Ball, location: 2F
1-2: Foul Ball, location: 2F
1-2: Ball
2-2: Ground out 3-1 (Groundball, 34)
Batting: LHB Francisco Marino 0-0: Ball
1-0: Called Strike
1-1: Fly out, F7 (Flyball, 78D)
Top of the 2nd over - 0 run(s), 0 hit(s), 0 error(s), 0 left on base; Vista 2 - Chicago 0
BOTTOM OF THE 2ND
Chicago Machine batting - Pitching for Vista Panthers : RHP Paco Canpos
Batting: SHB José Alomar 0-0: Ball
1-0: Ball
2-0: Foul Ball, location: 2F
2-1: Ball
3-1: Ground out U3 (Groundball, 3S)
Batting: RHB Edward Young 0-0: Called Strike
0-1: Ball
1-1: Foul Ball, location: 2F
1-2: Ground out 1-3 (Groundball, 13)
Batting: SHB Jesús Ramírez 0-0: Ground out U3 (Groundball, 3L)
Bottom of the 2nd over - 0 run(s), 0 hit(s), 0 error(s), 0 left on base; Vista 2 - Chicago 0
TOP OF THE 3RD
Vista Panthers batting - Pitching for Chicago Machine : LHP Dave Huot
Batting: RHB John Mendelson 0-0: Ball
1-0: Called Strike
1-1: SINGLE (Line Drive, 9S)
Batting: RHB Roberto Cruz 0-0: Called Strike
0-1: Ball
1-1: Ball
John Mendelson is caught stealing 2nd base
2-1: Fly out, F7 (Flyball, 78S)
Batting: RHB Phil Matthews 0-0: Ball
1-0: Ball
2-0: Ball
3-0: Base on Balls
Batting: RHB Wilson López 0-0: Swinging Strike
0-1: Called Strike
0-2: Fielders Choice at 2nd, 5-4 (Groundball, 5)
Top of the 3rd over - 0 run(s), 1 hit(s), 0 error(s), 0 left on base; Vista 2 - Chicago 0
BOTTOM OF THE 3RD
Chicago Machine batting - Pitching for Vista Panthers : RHP Paco Canpos
Batting: LHB Eric Wheeler 0-0: Ball
1-0: Ball
2-0: Called Strike
2-1: Foul Ball, location: 2F
2-2: Strikes out swinging
Batting: SHB Joaquín López 0-0: Foul Ball, location: 2F
0-1: Fly out, F7 (Flyball, 7S)
Batting: SHB Edward Bartlett 0-0: Swinging Strike
0-1: Called Strike
0-2: Foul Ball, location: 2F
0-2: Strikes out looking
Bottom of the 3rd over - 0 run(s), 0 hit(s), 0 error(s), 0 left on base; Vista 2 - Chicago 0
TOP OF THE 4TH
Vista Panthers batting - Pitching for Chicago Machine : LHP Dave Huot
Batting: SHB Mark Wells 0-0: Ball
1-0: Foul Ball, location: 2F
1-1: Foul Ball, location: 2F
1-2: Ball
2-2: Foul Ball, location: 2F
2-2: Strikes out swinging
Batting: RHB Justin Burgess 0-0: Swinging Strike
0-1: Swinging Strike
0-2: Fly out, F7 (Flyball, 78D)
Batting: RHB Alfredo López 0-0: Ball
1-0: Ball
2-0: Called Strike
2-1: Ball
3-1: Base on Balls
Batting: RHB Bonifacio Torres 0-0: Swinging Strike
0-1: Ground out 4-3 (Groundball, 4)
Top of the 4th over - 0 run(s), 0 hit(s), 0 error(s), 1 left on base; Vista 2 - Chicago 0
BOTTOM OF THE 4TH
Chicago Machine batting - Pitching for Vista Panthers : RHP Paco Canpos
Batting: RHB Roberto Cardona 0-0: Called Strike
0-1: Called Strike
0-2: Ball
1-2: Foul Ball, location: 2F
1-2: Strikes out swinging
Batting: LHB Bob Smith 0-0: Ground out 3-1 (Groundball, 23)
Batting: RHB Doug Stephens 0-0: Fly out, F6 (Line Drive, 6)
Bottom of the 4th over - 0 run(s), 0 hit(s), 0 error(s), 0 left on base; Vista 2 - Chicago 0
TOP OF THE 5TH
Vista Panthers batting - Pitching for Chicago Machine : LHP Dave Huot
Batting: LHB Francisco Marino 0-0: Ball
1-0: Ball
2-0: Ground out 4-3 (Groundball, 4)
Batting: RHB John Mendelson 0-0: Swinging Strike
0-1: Ball
1-1: Foul Ball, location: 2F
1-2: Ball
2-2: Strikes out swinging
Batting: RHB Roberto Cruz 0-0: Called Strike
0-1: Ball
1-1: Called Strike
1-2: Ball
2-2: Strikes out swinging
Top of the 5th over - 0 run(s), 0 hit(s), 0 error(s), 0 left on base; Vista 2 - Chicago 0
BOTTOM OF THE 5TH
Chicago Machine batting - Pitching for Vista Panthers : RHP Paco Canpos
Batting: SHB José Alomar 0-0: Ball
1-0: Ball
2-0: Ball
3-0: Called Strike
3-1: Foul Ball, location: 2F
3-2: Foul Ball, location: 2F
3-2: Strikes out swinging
Batting: RHB Edward Young 0-0: Ball
1-0: DOUBLE (Groundball, 5L)
Batting: SHB Jesús Ramírez 0-0: Called Strike
0-1: Foul Ball, location: 2F
0-2: Fly out, F9 (Line Drive, 89M)
Batting: LHB Eric Wheeler 0-0: Ball
1-0: Ball
2-0: SINGLE (Groundball, 56D)
Edward Young to third
Runner from 3rd tries for Home, SAFE, no throw or cutoff
Batting: SHB Joaquín López 0-0: Called Strike
0-1: Ball
1-1: Foul Ball, location: 2F
1-2: Foul Ball, location: 2F
1-2: Fly out, F7 (Flyball, 7LS)
Bottom of the 5th over - 1 run(s), 2 hit(s), 0 error(s), 1 left on base; Vista 2 - Chicago 1
TOP OF THE 6TH
Vista Panthers batting - Pitching for Chicago Machine : LHP Dave Huot
Batting: RHB Phil Matthews 0-0: Fly out, F4 (Popup, 4D)
Batting: RHB Wilson López 0-0: Ball
1-0: Ball
2-0: SOLO HOME RUN (Flyball, 78XD), Distance : 431 ft
Batting: SHB Mark Wells 0-0: Ground out 6-3 (Groundball, 6)
Batting: RHB Justin Burgess 0-0: Called Strike
0-1: Foul Ball, location: 2F
0-2: Foul Ball, location: 2F
0-2: Ball
1-2: Strikes out swinging
Top of the 6th over - 1 run(s), 1 hit(s), 0 error(s), 0 left on base; Vista 3 - Chicago 1
BOTTOM OF THE 6TH
Chicago Machine batting - Pitching for Vista Panthers : RHP Paco Canpos
Batting: SHB Edward Bartlett 0-0: Ball
1-0: Called Strike
1-1: Ground out 4-3 (Groundball, 34)
Batting: RHB Roberto Cardona 0-0: SINGLE (Groundball, 3D)
Batting: LHB Bob Smith 0-0: Ball
1-0: Foul Ball, location: 2F
1-1: Called Strike
1-2: Strikes out looking
Batting: RHB Doug Stephens 0-0: Called Strike
0-1: Ball
1-1: Ball
2-1: Ground out 5-3 (Groundball, 56S)
Bottom of the 6th over - 0 run(s), 1 hit(s), 0 error(s), 1 left on base; Vista 3 - Chicago 1
TOP OF THE 7TH
Vista Panthers batting - Pitching for Chicago Machine : LHP Dave Huot
Batting: RHB Alfredo López 0-0: Ball
1-0: Ball
2-0: Ball
3-0: Called Strike
3-1: Called Strike
3-2: Fly out, F9 (Flyball, 9LD)
Batting: RHB Bonifacio Torres 0-0: Fly out, F5 (Popup, 25)
Batting: LHB Francisco Marino 0-0: Ball
1-0: Ball
2-0: Ball
3-0: Base on Balls
Batting: RHB John Mendelson 0-0: Ball
Pickoff Throw to First - Error! E1
Francisco Marino to second
1-0: Ball
2-0: Ball
3-0: Called Strike
3-1: Base on Balls
Pitching: LHP Austin Wall
Batting: RHB Roberto Cruz 0-0: Ball
1-0: Ground out 6-3 (Groundball, 6)
Top of the 7th over - 0 run(s), 0 hit(s), 1 error(s), 2 left on base; Vista 3 - Chicago 1
BOTTOM OF THE 7TH
Chicago Machine batting - Pitching for Vista Panthers : RHP Paco Canpos
Batting: SHB José Alomar 0-0: Ball
1-0: SOLO HOME RUN (Flyball, 89XD), Distance : 432 ft
Batting: RHB Edward Young 0-0: Ground out 5-3 (Groundball, 5S)
Batting: SHB Jesús Ramírez 0-0: Swinging Strike
0-1: Called Strike
0-2: Strikes out looking
Batting: LHB Eric Wheeler 0-0: SINGLE (Groundball, 34D)
Batting: SHB Joaquín López 0-0: Ball
1-0: Fly out, F5 (Line Drive, 5)
Bottom of the 7th over - 1 run(s), 2 hit(s), 0 error(s), 1 left on base; Vista 3 - Chicago 2
TOP OF THE 8TH
Vista Panthers batting - Pitching for Chicago Machine : LHP Austin Wall
Batting: RHB Phil Matthews 0-0: Ball
1-0: Called Strike
1-1: Called Strike
1-2: Fly out, F7 (Flyball, 6D)
Batting: RHB Wilson López 0-0: Ball
1-0: Swinging Strike
1-1: Swinging Strike
1-2: Strikes out looking
Batting: SHB Mark Wells 0-0: Called Strike
0-1: Ball
1-1: Ball
2-1: Foul Ball, location: 2F
2-2: Ball
3-2: Foul Ball, location: 2F
3-2: Strikes out swinging
Top of the 8th over - 0 run(s), 0 hit(s), 0 error(s), 0 left on base; Vista 3 - Chicago 2
BOTTOM OF THE 8TH
Chicago Machine batting - Pitching for Vista Panthers : RHP Paco Canpos
Pitching: RHP Mitsunari Taguchi
Now at 3B: Fletcher Reed
Batting: SHB Edward Bartlett 0-0: Fly out, F8 (Flyball, 8RD)
Pitching: RHP José Betancourt
Batting: RHB Roberto Cardona 0-0: Swinging Strike
0-1: Ground out 4-3 (Groundball, 4M)
Pitching: LHP Li-xue Si-ma
Batting: LHB Bob Smith 0-0: Foul Ball, location: 2F
0-1: Ball
1-1: Ball
2-1: Called Strike
2-2: Foul Ball, location: 2F
2-2: Ground out U3 (Groundball, 3)
Bottom of the 8th over - 0 run(s), 0 hit(s), 0 error(s), 0 left on base; Vista 3 - Chicago 2
TOP OF THE 9TH
Vista Panthers batting - Pitching for Chicago Machine : LHP Austin Wall
Pitching: RHP Víctor Reyes
Batting: RHB Justin Burgess 0-0: Called Strike
0-1: Ball
1-1: Foul Ball, location: 2F
1-2: Strikes out swinging
Batting: RHB Alfredo López 0-0: Ball
1-0: Foul Ball, location: 2F
1-1: Ball
2-1: Foul Ball, location: 2F
2-2: Ground out 5-3 (Groundball, 56)
Batting: RHB Bonifacio Torres 0-0: SINGLE (Groundball, 6MD)
Pinch Hitting: LHB Bob Cunningham 0-0: Called Strike
0-1: Ground out 4-3 (Groundball, 4)
Top of the 9th over - 0 run(s), 1 hit(s), 0 error(s), 1 left on base; Vista 3 - Chicago 2
BOTTOM OF THE 9TH
Chicago Machine batting - Pitching for Vista Panthers : LHP Li-xue Si-ma
Pitching: RHP António López
Now at 2B: Eugenio Lucero
Batting: RHB Doug Stephens 0-0: Called Strike
0-1: Ball
1-1: Called Strike
1-2: Ball
2-2: Ball
3-2: Ground out 6-3 (Groundball, 6)
Batting: SHB José Alomar 0-0: Called Strike
0-1: SINGLE (Flyball, 8RS)
Batting: RHB Edward Young 0-0: Ball
1-0: Ball
2-0: Called Strike
2-1: Swinging Strike
2-2: Foul Ball, location: 2F
2-2: SINGLE (Line Drive, 8LS)
José Alomar to second
Batting: SHB Jesús Ramírez 0-0: Called Strike
0-1: Ball
1-1: Swinging Strike
1-2: Strikes out swinging
Batting: LHB Eric Wheeler 0-0: Called Strike
0-1: Ball
1-1: Ball
2-1: Ball
3-1: DOUBLE (Line Drive, 3)
José Alomar scores
Edward Young to third
Batting: SHB Joaquín López 0-0: Foul Ball, location: 2F
0-1: Called Strike
0-2: Ball
1-2: Ball
Wild Pitch!
Edward Young scores
Monday, December 5th, 2016 - OOTP Baseball 17.12 Build 75